[Event "ICC Open 2015"]
[Site "Internet Chess Club"]
[Date "2015.05.30"]
[Round "4"]
[White "faust"]
[Black "Ancient"]
[Result "1-0"]
[ICCResult "Black resigns"]
[WhiteElo "3195"]
[BlackElo "2159"]
[Opening "French: Steinitz, Boleslavsky variation"]
[ECO "C11"]
[NIC "FR.04"]
[Time "19:31:48"]
[TimeControl "180+0"]

1. e4 e6 2. d4 d5 3. Nc3 Nf6 4. e5 Nfd7 5. f4 c5 6. Nf3 Nc6 7. Be3 a6 8. Qd2
b5 9. Nd1 cxd4 10. Nxd4 Nxd4 11. Bxd4 Bc5 12. c3 b4 13. cxb4 Bxd4 14. Qxd4
O-O 15. Nc3 Rb8 16. a3 a5 17. b5 Nb6 18. Bd3 Bd7 19. O-O Nc4 20. Bxc4 dxc4
21. a4 Rc8 22. Rad1 Rc7 23. Rf2 Qc8 24. Rfd2 Be8 25. Qb6 f6 26. Rd8 Qb7 27.
Qxb7 Rxb7 28. exf6 gxf6 29. Rc8 Bh5 30. Rdd8 Rxd8 31. Rxd8+ Kg7 32. Rc8 Rd7
33. b6 Rb7 34. Rc7+ {Black resigns} 1-0

[Event "ICC Open 2015"]
[Site "Internet Chess Club"]
[Date "2015.05.30"]
[Round "4"]
[White "TravisMcGee"]
[Black "blackjack721"]
[Result "0-1"]
[ICCResult "White resigns"]
[WhiteElo "1567"]
[BlackElo "1439"]
[Opening "Queen's pawn"]
[ECO "A40"]
[NIC "QO.17"]
[Time "19:31:38"]
[TimeControl "180+0"]

1. d4 c6 2. Bf4 Nf6 3. Nf3 d6 4. c4 Bf5 5. Nc3 Na6 6. e3 Nb4 7. Rc1 Qa5 8.
a3 Na2 9. Bd3 Bxd3 10. Qxd3 Nxc1 11. Qc2 Na2 12. O-O Nxc3 13. bxc3 O-O-O 14.
e4 e6 15. e5 Nh5 16. Bg5 f6 17. Be3 fxe5 18. dxe5 dxe5 19. Nxe5 Qxe5
{White resigns}
0-1

[Event "ICC Open 2015"]
[Site "Internet Chess Club"]
[Date "2015.05.30"]
[Round "4"]
[White "MasterZachary"]
[Black "blackending"]
[Result "1-0"]
[ICCResult "Black checkmated"]
[WhiteElo "2199"]
[BlackElo "1706"]
[Opening "Sicilian: Scheveningen, English variation"]
[ECO "B90"]
[NIC "SI.14"]
[Time "19:31:00"]
[TimeControl "180+0"]

1. e4 c5 2. Nf3 d6 3. d4 cxd4 4. Nxd4 Nf6 5. Nc3 a6 6. Be3 e6 7. Qd2 Be7 8.
f3 O-O 9. g4 Qc7 10. O-O-O Nc6 11. g5 Nd7 12. h4 Nce5 13. h5 Nc4 14. Bxc4
Qxc4 15. g6 Nf6 16. Rdg1 b5 17. Bh6 Ne8 18. Bxg7 Nxg7 19. h6 fxg6 20. hxg7
Rf7 21. Rxg6 hxg6 22. Rh8+ Kxg7 23. Qh6+ Kf6 24. e5+ dxe5 25. Ne4#
{Black checkmated}
1-0

[Event "ICC Open 2015"]
[Site "Internet Chess Club"]
[Date "2015.05.30"]
[Round "4"]
[White "tmunagala"]
[Black "TheLoneKing1"]
[Result "1-0"]
[ICCResult "Black resigns"]
[WhiteElo "1799"]
[BlackElo "1888"]
[Opening "Queen's pawn game"]
[ECO "D00"]
[NIC "QP.08"]
[Time "19:31:01"]
[TimeControl "180+0"]

1. d4 d5 2. c3 Nf6 3. Bg5 Bf5 4. e3 Nbd7 5. Bd3 Bg6 6. f4 Bxd3 7. Qxd3 e6 8.
Nd2 Be7 9. Ngf3 O-O 10. O-O c5 11. Ne5 a6 12. Ndf3 Rc8 13. Kh1 h6 14. Bh4
cxd4 15. exd4 Ne4 16. Bxe7 Qxe7 17. Rae1 Ndf6 18. Nd2 Qc7 19. h3 Qa5 20. a3
Qc7 21. g4 Nxd2 22. Qxd2 Ne4 23. Qd3 f6 24. Ng6 Rfe8 25. Kg2 Qb6 26. Re2 Qd6
27. Qf3 f5 28. Ne5 Qb6 29. Kg1 Qb3 30. Rg2 Kh7 31. gxf5 exf5 32. Qh5 Re6 33.
Qf7 Rg8 34. Qxe6 Qc4 35. Qg6+ {Black resigns} 1-0

[Event "ICC Open 2015"]
[Site "Internet Chess Club"]
[Date "2015.05.30"]
[Round "4"]
[White "FZI88"]
[Black "iragefree"]
[Result "1-0"]
[ICCResult "Black checkmated"]
[WhiteElo "2229"]
[BlackElo "1857"]
[Opening "Sicilian: Anderssen variation"]
[ECO "B41"]
[NIC "SI.41"]
[Time "19:31:39"]
[TimeControl "180+0"]

1. e4 c5 2. Nf3 e6 3. d4 cxd4 4. Nxd4 Nf6 5. Bd3 Nc6 6. Nxc6 bxc6 7. O-O d5
8. Nd2 Be7 9. c4 O-O 10. Qe2 Bb7 11. b3 Qc7 12. Bb2 a5 13. a3 Rfc8 14. f4 c5
15. cxd5 exd5 16. e5 Ne4 17. Nxe4 dxe4 18. Bxe4 Bxe4 19. Qxe4 c4 20. Rac1
Qb6+ 21. Bd4 Qxb3 22. f5 Bxa3 23. Rc3 Qb4 24. f6 Bb2 25. e6 Bxc3 26. exf7+
Kxf7 27. fxg7+ Kg8 28. Qe6# {Black checkmated} 1-0

[Event "ICC Open 2015"]
[Site "Internet Chess Club"]
[Date "2015.05.30"]
[Round "4"]
[White "aplusk"]
[Black "ibarra"]
[Result "1-0"]
[ICCResult "Black resigns"]
[WhiteElo "2948"]
[BlackElo "2723"]
[Opening "Réti: King's Indian attack"]
[ECO "A05"]
[NIC "QP.11"]
[Time "19:31:30"]
[TimeControl "180+0"]

1. Nf3 Nf6 2. g3 g6 3. b3 Bg7 4. Bb2 O-O 5. Bg2 d6 6. d4 e5 7. dxe5 Nfd7 8.
O-O Nc6 9. c4 Re8 10. Nc3 dxe5 11. Ne4 h6 12. Qc2 f5 13. Nc3 e4 14. Nh4 Nd4
15. Qd2 g5 16. Nxf5 Nxf5 17. Qd5+ Kh8 18. Qxf5 Nf6 19. Qg6 Re5 20. Rad1 Qf8
21. Nd5 Bf5 22. Qxg7+ Kxg7 23. Bxe5 c6 24. Nxf6 Kg6 25. Nxe4 Re8 26. Rd6+
Re6 27. Rxe6+ Bxe6 28. Nd6 h5 29. f4 Kh6 30. fxg5+ {Black resigns} 1-0

[Event "ICC Open 2015"]
[Site "Internet Chess Club"]
[Date "2015.05.30"]
[Round "4"]
[White "Bacunamatata"]
[Black "RLH2"]
[Result "1-0"]
[ICCResult "Black resigns"]
[WhiteElo "2651"]
[BlackElo "2834"]
[Opening "Modern defense: Averbakh system"]
[ECO "B06"]
[NIC "KF.04"]
[Time "19:32:09"]
[TimeControl "180+0"]

1. e4 g6 2. d4 Bg7 3. c4 d6 4. Nc3 e5 5. d5 a5 6. Bd3 Na6 7. Nge2 Nf6 8. O-O
O-O 9. Bg5 h6 10. Bd2 Nh5 11. Qc1 g5 12. Ng3 Nf4 13. Bc2 Nb4 14. a3 Nxc2 15.
Qxc2 Qf6 16. f3 Qg6 17. Nf5 Bxf5 18. exf5 Ne2+ 19. Nxe2 Qh7 20. g4 h5 21.
Bxg5 hxg4 22. fxg4 Qh3 23. Qe4 Qb3 24. f6 Bh8 25. Rf5 Qxb2 26. Bc1
{Black resigns}
1-0

[Event "ICC Open 2015"]
[Site "Internet Chess Club"]
[Date "2015.05.30"]
[Round "4"]
[White "paulohaddad"]
[Black "LMLLM"]
[Result "0-1"]
[ICCResult "White resigns"]
[WhiteElo "1791"]
[BlackElo "2366"]
[Opening "Queen's pawn"]
[ECO "A40"]
[NIC "QO.17"]
[Time "19:31:20"]
[TimeControl "180+0"]

1. d4 c6 2. Nf3 g6 3. c4 Bg7 4. Nc3 Nf6 5. e4 O-O 6. e5 Ne8 7. Bg5 f6 8.
exf6 exf6 9. Bf4 d5 10. cxd5 Bg4 11. Bc4 Kh8 12. O-O Nd6 13. Bb3 Nf5 14. d6
Nxd6 15. d5 Nf5 16. dxc6 Nxc6 17. Bd5 Qb6 18. h3 Bxf3 19. Qxf3 Nfd4 20. Qe3
Rfe8 21. Qd2 Rad8 22. Bxc6 Nf3+ 23. gxf3 Rxd2 24. Bxd2 Qxc6 25. Ne4 f5 26.
Ng5 h6 27. Nf7+ Kh7 28. Bf4 Qxf3 {White resigns} 0-1

[Event "ICC Open 2015"]
[Site "Internet Chess Club"]
[Date "2015.05.30"]
[Round "4"]
[White "zagor"]
[Black "MoonlightWizard"]
[Result "0-1"]
[ICCResult "White resigns"]
[WhiteElo "2133"]
[BlackElo "2908"]
[Opening "Nimzo-Indian: classical variation"]
[ECO "E32"]
[NIC "NI.24"]
[Time "19:32:11"]
[TimeControl "180+0"]

1. d4 e6 2. c4 Nf6 3. Nc3 Bb4 4. Qc2 O-O 5. Nf3 d5 6. cxd5 exd5 7. Bg5 c6 8.
e3 Nbd7 9. Bd3 h6 10. Bh4 Re8 11. O-O Be7 12. Rab1 Ne4 13. Bxe7 Qxe7 14.
Bxe4 dxe4 15. Nd2 Nf6 16. b4 Bf5 17. b5 c5 18. dxc5 Qxc5 19. Nb3 Qe5 20. Nd4
Rac8 21. Rfc1 Bd7 22. Qe2 Ng4 23. g3 Qh5 24. h4 g5 25. Kg2 gxh4 26. Nd5 h3+
27. Kh1 Qxd5 {White resigns} 0-1

[Event "ICC Open 2015"]
[Site "Internet Chess Club"]
[Date "2015.05.30"]
[Round "4"]
[White "karaivosa"]
[Black "SCORPION83"]
[Result "0-1"]
[ICCResult "White resigns"]
[WhiteElo "2357"]
[BlackElo "2997"]
[Opening "Pirc: Ufimtsev-Pytel variation"]
[ECO "B07"]
[NIC "PU.08"]
[Time "19:31:42"]
[TimeControl "180+0"]

1. e4 d6 2. d4 Nf6 3. Nc3 c6 4. Be3 Qb6 5. f3 Qxb2 6. Bd2 Qb6 7. Be3 e5 8.
Rb1 Qa5 9. Qd2 Nbd7 10. dxe5 dxe5 11. Bc4 Bc5 12. Nge2 O-O 13. Kf1 Bxe3 14.
Qxe3 Qc5 15. Qg5 Qxc4 16. h4 h6 17. Qg3 b5 18. Qf2 b4 19. Nd1 Ba6 20. Ne3
Qxe2+ 21. Qxe2 Bxe2+ 22. Kxe2 a5 23. g4 Nc5 24. g5 Nh5 25. gxh6 Ng3+ 26. Kf2
Nxh1+ 27. Rxh1 gxh6 28. Rg1+ Kh7 29. Ng4 f6 30. h5 Rad8 31. Ke3 Ne6 32. Nf2
Rg8 33. Ng4 Rxg4 34. Rxg4 Nf4 35. Rg1 c5 36. Rh1 c4 37. Rh2 c3 38. Rf2 a4
39. Rh2 a3 40. Rf2 Rd1 41. Rh2 Re1+ 42. Kf2 Re2+ 43. Kg3 Rxh2 44. Kxh2 b3
45. axb3 a2 46. b4 a1=Q {White resigns} 0-1

[Event "ICC Open 2015"]
[Site "Internet Chess Club"]
[Date "2015.05.30"]
[Round "4"]
[White "kava"]
[Black "manitodeplomo"]
[Result "1-0"]
[ICCResult "Black resigns"]
[WhiteElo "2919"]
[BlackElo "2667"]
[Opening "Catalan: closed, 5.Nf3"]
[ECO "E06"]
[NIC "CA.05"]
[Time "19:31:46"]
[TimeControl "180+0"]

1. Nf3 d5 2. d4 e6 3. c4 Nf6 4. g3 Be7 5. Bg2 O-O 6. O-O dxc4 7. Qc2 a6 8.
a4 Bd7 9. Rd1 Bc6 10. Nc3 Nbd7 11. e4 b5 12. Bf4 Rb8 13. d5 exd5 14. exd5
Ba8 15. axb5 axb5 16. Nd4 b4 17. Ncb5 Nxd5 18. Bxd5 Bxd5 19. Bxc7 Qc8 20.
Bxb8 Qxb8 21. Nf5 {Black resigns} 1-0

[Event "ICC Open 2015"]
[Site "Internet Chess Club"]
[Date "2015.05.30"]
[Round "4"]
[White "Ricardov"]
[Black "Neurisdr"]
[Result "0-1"]
[ICCResult "White resigns"]
[WhiteElo "2330"]
[BlackElo "2876"]
[Opening "Sicilian: Canal-Sokolsky attack, 3...Bd7"]
[ECO "B52"]
[NIC "SI.01"]
[Time "19:31:59"]
[TimeControl "180+0"]

1. e4 c5 2. Nf3 d6 3. Bb5+ Bd7 4. Bxd7+ Nxd7 5. O-O Ngf6 6. Re1 e6 7. c3 Be7
8. d4 O-O 9. e5 Ne8 10. Nbd2 Qc7 11. a4 Rd8 12. Qe2 cxd4 13. cxd4 dxe5 14.
dxe5 Nc5 15. Ra3 Qd7 16. Re3 Nc7 17. b3 Nd5 18. Nd4 Nf4 19. Qf1 {White
resigns} 0-1

[Event "ICC Open 2015"]
[Site "Internet Chess Club"]
[Date "2015.05.30"]
[Round "4"]
[White "Redbaron"]
[Black "chesstempo2"]
[Result "0-1"]
[ICCResult "White resigns"]
[WhiteElo "2435"]
[BlackElo "2054"]
[Opening "Queen's Pawn"]
[ECO "B07"]
[NIC "QO.17"]
[Time "19:30:58"]
[TimeControl "180+0"]

1. d4 d6 2. e4 b6 3. Bd3 Bb7 4. Nf3 Nd7 5. O-O g6 6. Nc3 Bg7 7. h3 e6 8. Bg5
Ne7 9. Re1 h6 10. Be3 g5 11. Qd2 e5 12. Rad1 Ng6 13. dxe5 Ndxe5 14. Nxe5
Nxe5 15. f4 gxf4 16. Bxf4 Ng6 17. Bh2 Qg5 18. Bb5+ Kf8 19. Qxg5 hxg5 20. Bc4
Ne5 21. Bd5 Bxd5 22. Nxd5 Rc8 23. b3 Kg8 24. Ne3 Kh7 25. Nf5 Kg6 26. Ne7+
Kh6 27. Nxc8 Rxc8 28. Rf1 Kg6 29. Rf5 Re8 30. Bxe5 Bxe5 31. Kf2 a5 32. Kf3
f6 33. Rh1 Rh8 34. g3 d5 35. g4 d4 36. Kg2 c5 37. a3 b5 38. Rd1 Rc8 39. Rf3
c4 40. bxc4 bxc4 41. Rd2 c3 42. Rdf2 Rb8 43. h4 gxh4 44. Rh3 Bg3 45. Re2 Rb2
46. Rh1 Ra2 47. Rd1 Be5 48. Kf3 Rxa3 49. Rh2 Bxh2 {White resigns} 0-1

[Event "ICC Open 2015"]
[Site "Internet Chess Club"]
[Date "2015.05.30"]
[Round "4"]
[White "Gambit101"]
[Black "EGK"]
[Result "1-0"]
[ICCResult "Black resigns"]
[WhiteElo "3009"]
[BlackElo "2104"]
[Opening "Scandinavian defense"]
[ECO "B01"]
[NIC "SD.03"]
[Time "19:31:53"]
[TimeControl "180+0"]

1. e4 d5 2. exd5 Nf6 3. d4 Bg4 4. Be2 Bxe2 5. Qxe2 Qxd5 6. Nf3 e6 7. O-O Be7
8. c4 Qf5 9. d5 O-O 10. Re1 Bc5 11. dxe6 Nc6 12. Be3 Rae8 13. Nh4 Qe5 14.
Nf3 Qf5 15. Bxc5 Qxc5 16. Qc2 fxe6 17. Nbd2 Qf5 18. Qb3 b6 19. Qa4 Qc5 20.
Nb3 {Black resigns} 1-0

[Event "ICC Open 2015"]
[Site "Internet Chess Club"]
[Date "2015.05.30"]
[Round "4"]
[White "bugeyes"]
[Black "dadgumit"]
[Result "0-1"]
[ICCResult "White forfeits on time"]
[WhiteElo "1023"]
[BlackElo "1216"]
[Opening "Ruy Lopez: old Steinitz defense"]
[ECO "C62"]
[NIC "RL.02"]
[Time "19:31:04"]
[TimeControl "180+0"]

1. e4 e5 2. Nf3 Nc6 3. Bb5 d6 4. d4 a6 5. Bxc6+ bxc6 6. dxe5 Ne7 7. exd6
cxd6 8. O-O Ng6 9. Nc3 Bg4 10. h3 Bh5 11. g4 Bxg4 12. hxg4 Be7 13. Re1 O-O
14. Bf4 Nxf4 15. e5 Nh3+ 16. Kg2 Nf4+ 17. Kg1 Bh4 18. exd6 Nh3+ 19. Kg2 Nxf2
{White forfeits on time}
0-1

[Event "ICC Open 2015"]
[Site "Internet Chess Club"]
[Date "2015.05.30"]
[Round "4"]
[White "blackmiura"]
[Black "alico"]
[Result "1-0"]
[ICCResult "Black resigns"]
[WhiteElo "1785"]
[BlackElo "1333"]
[Opening "Sicilian: Najdorf, Byrne (English) attack"]
[ECO "B90"]
[NIC "SI.14"]
[Time "19:32:17"]
[TimeControl "180+0"]

1. e4 c5 2. Nf3 d6 3. d4 cxd4 4. Nxd4 Nf6 5. Nc3 a6 6. Be3 e6 7. g4 Be7 8.
g5 Nfd7 9. h4 h6 10. Rg1 hxg5 11. hxg5 Ne5 12. Qd2 Nbc6 13. Be2 Nxd4 14.
Bxd4 Qc7 15. O-O-O b5 16. f4 Nc4 17. Bxc4 Qxc4 18. Kb1 b4 19. Na4 Qb5 20. b3
e5 21. fxe5 dxe5 22. Bc5 O-O 23. Bxe7 Re8 24. Bf6 g6 25. Rh1 {Black resigns}
1-0

[Event "ICC Open 2015"]
[Site "Internet Chess Club"]
[Date "2015.05.30"]
[Round "4"]
[White "Ernani"]
[Black "Catknight"]
[Result "1-0"]
[ICCResult "Black resigns"]
[WhiteElo "2627"]
[BlackElo "2093"]
[Opening "English: Neo-Catalan declined"]
[ECO "E08"]
[NIC "RE.11"]
[Time "19:31:56"]
[TimeControl "180+0"]

1. Nf3 d5 2. c4 e6 3. g3 Nf6 4. Bg2 Be7 5. O-O O-O 6. d4 c6 7. Qc2 Nbd7 8.
Rd1 dxc4 9. Qxc4 Nb6 10. Qc2 Nbd5 11. e4 Nb4 12. Qe2 b6 13. Nc3 Ba6 14. Qd2
c5 15. d5 exd5 16. exd5 Bd6 17. a3 Nd3 18. Bf1 Ne5 19. Nxe5 Bxf1 20. Nc6 Qc7
21. Rxf1 Rfe8 22. Qd3 Rad8 23. Bg5 Be5 24. Nxd8 Rxd8 25. Bxf6 Bxf6 26. Rfe1
c4 27. Qe4 h6 28. Rad1 Qd6 29. Qxc4 Qd7 30. Qc6 Qh3 31. Re8+ Rxe8 32. Qxe8+
Kh7 33. d6 Qg4 34. Qe4+ Qxe4 35. Nxe4 Bxb2 {Black resigns} 1-0

[Event "ICC Open 2015"]
[Site "Internet Chess Club"]
[Date "2015.05.30"]
[Round "4"]
[White "a-rubinstein"]
[Black "Darnoc"]
[Result "0-1"]
[ICCResult "White resigns"]
[WhiteElo "2143"]
[BlackElo "3008"]
[Opening "QGD Slav: exchange variation"]
[ECO "D13"]
[NIC "SL.02"]
[Time "19:31:21"]
[TimeControl "180+0"]

1. d4 d5 2. Nf3 Nf6 3. c4 c6 4. cxd5 cxd5 5. Nc3 Nc6 6. Bf4 a6 7. e3 Bg4 8.
h3 Bxf3 9. Qxf3 e6 10. Bd3 Qb6 11. Qe2 Be7 12. O-O O-O 13. a3 Rfc8 14. Rfc1
Na5 15. Na4 Qd8 16. Qd1 Nc4 17. b3 Nxa3 18. Nc5 Bxc5 19. dxc5 Nb5 20. Bxb5
axb5 21. Rxa8 Rxa8 22. Bg5 h6 23. Bxf6 Qxf6 24. Qd3 Ra1 25. Rxa1 Qxa1+ 26.
Kh2 Qa5 27. Qd4 b4 28. g3 Qa2 29. Qxb4 Qxf2+ 30. Kh1 Qxg3 31. Qxb7 Qxh3+ 32.
Kg1 Qxe3+ 33. Kh1 Qxc5 34. b4 Qc1+ 35. Kh2 Qf4+ 36. Kg2 d4 37. b5 Qd2+ 38.
Kh1 Qe1+ 39. Kh2 Qe2+ 40. Kh3 Qe3+ 41. Kh2 d3 42. b6 d2 43. Qc8+ Kh7 44.
Qc2+ g6 45. b7 Qf4+ 46. Kg1 Qb8 {White resigns} 0-1

[Event "ICC Open 2015"]
[Site "Internet Chess Club"]
[Date "2015.05.30"]
[Round "4"]
[White "jjosu"]
[Black "Osya"]
[Result "1/2-1/2"]
[ICCResult "Game drawn by repetition"]
[WhiteElo "2189"]
[BlackElo "1878"]
[Opening "Giuoco Pianissimo"]
[ECO "C55"]
[NIC "IG.01"]
[Time "19:31:00"]
[TimeControl "180+0"]

1. e4 e5 2. Nf3 Nc6 3. Bc4 Nf6 4. d3 Bc5 5. O-O d6 6. c3 a6 7. Bb3 Ba7 8. h3
h6 9. Be3 O-O 10. Nbd2 Re8 11. Re1 d5 12. Bxa7 Rxa7 13. exd5 Nxd5 14. Nc4 f6
15. Ne3 Be6 16. Nxd5 Bxd5 17. d4 e4 18. Nd2 f5 19. Rc1 Na5 20. Bxd5+ Qxd5
21. Qa4 Nc6 22. Nf1 Raa8 23. Ne3 Qf7 24. d5 Ne5 25. Rcd1 Nd3 26. Re2 f4 27.
Nc2 Nxb2 28. Qd4 Nxd1 29. Qxd1 f3 30. Re3 fxg2 31. Kxg2 Rad8 32. c4 c6 33.
Nb4 a5 34. Nc2 cxd5 35. cxd5 Rxd5 36. Qe2 Rg5+ 37. Kh1 Qf5 38. Nd4 Qf4 39.
Qc4+ Kh7 40. Qc2 Ree5 41. Nf3 Rgf5 42. Nxe5 Qxe5 43. Qxe4 Qxe4+ 44. Rxe4
Rxf2 45. Re7 Rxa2 46. Rxb7 a4 47. Ra7 a3 48. Kg1 Ra1+ 49. Kh2 a2 50. Kg3 Kg6
51. Kh2 Kh7 52. Kg2 Kg6 53. Kh2 Kh7 54. Kg2 Kg6 55. Kh2
{Game drawn by repetition}
1/2-1/2

[Event "ICC Open 2015"]
[Site "Internet Chess Club"]
[Date "2015.05.30"]
[Round "4"]
[White "FytinFrank"]
[Black "ural"]
[Result "0-1"]
[ICCResult "White checkmated"]
[WhiteElo "2048"]
[BlackElo "2359"]
[Opening "Scandinavian (center counter) defense"]
[ECO "B01"]
[NIC "VO.17"]
[Time "19:31:35"]
[TimeControl "180+0"]

1. e4 d5 2. Nc3 d4 3. Nce2 c5 4. Ng3 Qa5 5. Bc4 Nc6 6. Nf3 h5 7. h4 Bg4 8.
Be2 e6 9. Ng5 Nf6 10. Bxg4 hxg4 11. h5 Bd6 12. f4 Bxf4 13. Ne2 Bxg5 14. O-O
Rxh5 15. d3 Qc7 16. Bxg5 Qh2+ 17. Kf2 Rxg5 18. Ng3 Qh8 19. Rh1 Qf8 20. Qd2
Rg6 21. Qf4 O-O-O 22. a3 Qd6 23. Qd2 Nd7 24. b4 f5 25. exf5 exf5 26. bxc5
Nxc5 27. Rab1 f4 28. Ne4 Nxe4+ 29. dxe4 g3+ 30. Kg1 d3 31. cxd3 Qc5+ 32. Kf1
Rxd3 33. Qe2 Rc3 34. Rd1 Rc2 35. Rd2 Rxd2 36. Qxd2 Rd6 37. Rh8+ Kc7 38. Qxf4
Qc4+ 39. Ke1 Nd4 40. Qe3 Nc2# {White checkmated} 0-1

[Event "ICC Open 2015"]
[Site "Internet Chess Club"]
[Date "2015.05.30"]
[Round "4"]
[White "noyb"]
[Black "Piranha"]
[Result "1-0"]
[ICCResult "Black resigns"]
[WhiteElo "1997"]
[BlackElo "1697"]
[Opening "Dutch"]
[ECO "A80"]
[NIC "HD.12"]
[Time "19:31:39"]
[TimeControl "180+0"]

1. d4 f5 2. Nc3 d5 3. Bf4 Nf6 4. e3 e6 5. Bd3 Bd6 6. Nge2 O-O 7. Qd2 a6 8.
h3 b5 9. O-O c5 10. Bxd6 Qxd6 11. dxc5 Qxc5 12. a4 b4 13. Na2 a5 14. c3 Na6
15. cxb4 Nxb4 16. Nxb4 axb4 17. Rfc1 Qb6 18. b3 Ba6 19. Bxa6 Qxa6 20. Nd4
Rab8 21. Rc6 Qb7 22. Rxe6 Ne4 23. Qd3 f4 24. Rf1 f3 25. Nxf3 Rxf3 26. gxf3
Ng5 27. Qf5 Nxe6 28. Qxe6+ Qf7 29. Qxf7+ Kxf7 30. Rd1 Ke6 31. Rd4 Ke5 32.
Kf1 Rb7 33. Ke2 Rb8 34. Kd3 Rb7 35. f4+ Ke6 36. Ke2 g6 37. Kf3 h5 38. Kg3
Rb6 39. Kh4 Ke7 40. Kg5 Rd6 41. Rxb4 {Black resigns} 1-0

[Event "ICC Open 2015"]
[Site "Internet Chess Club"]
[Date "2015.05.30"]
[Round "4"]
[White "VictorRed"]
[Black "marcocoimbra"]
[Result "1-0"]
[ICCResult "Black resigns"]
[WhiteElo "1824"]
[BlackElo "1425"]
[Opening "English opening"]
[ECO "A10"]
[NIC "EO.64"]
[Time "19:32:05"]
[TimeControl "180+0"]

1. c4 d6 2. Nf3 e5 3. e4 h6 4. d3 c5 5. Be2 Be6 6. O-O Nf6 7. Nc3 a6 8. Nd5
Be7 9. Bd2 Nc6 10. a3 O-O 11. Ne1 b5 12. b3 bxc4 13. bxc4 Nd4 14. Nc2 Bxd5
15. cxd5 Qc7 16. Nxd4 cxd4 17. f4 Nd7 18. Qe1 Rab8 19. Qg3 Kh7 20. Rac1 Qd8
21. Bg4 Nf6 22. Bf5+ g6 23. Bh3 Rg8 24. fxe5 dxe5 25. Qxe5 Nd7 26. Rxf7+
{Black resigns}
1-0

[Event "ICC Open 2015"]
[Site "Internet Chess Club"]
[Date "2015.05.30"]
[Round "4"]
[White "geographywhiz"]
[Black "Philidor"]
[Result "0-1"]
[ICCResult "White resigns"]
[WhiteElo "1957"]
[BlackElo "2213"]
[Opening "Nimzo-Indian: Fischer variation"]
[ECO "E43"]
[NIC "NI.12"]
[Time "19:31:56"]
[TimeControl "180+0"]

1. d4 Nf6 2. c4 e6 3. Nc3 Bb4 4. e3 b6 5. Nf3 Bb7 6. Bd3 O-O 7. O-O c5 8.
Qc2 cxd4 9. exd4 Nc6 10. a3 Bd6 11. Ne4 Nxe4 12. Bxe4 h6 13. Be3 Rc8 14. c5
Bb8 15. b4 f5 16. Bd3 Ne7 17. Rac1 Bxf3 18. gxf3 Nd5 19. Bd2 Qh4 20. f4 Qg4+
21. Kh1 Qf3+ 22. Kg1 Rf6 23. Rfe1 Bxf4 24. Bc4 Rg6+ 25. Kf1 Bxh2 {White
resigns} 0-1

[Event "ICC Open 2015"]
[Site "Internet Chess Club"]
[Date "2015.05.30"]
[Round "4"]
[White "Machinegun"]
[Black "Poporovitch"]
[Result "1-0"]
[ICCResult "Black checkmated"]
[WhiteElo "2446"]
[BlackElo "2031"]
[Opening "Sicilian: Hungarian variation"]
[ECO "B27"]
[NIC "SI.43"]
[Time "19:31:02"]
[TimeControl "180+0"]

1. e4 c5 2. Nf3 g6 3. d4 cxd4 4. Qxd4 Nf6 5. Bb5 a6 6. e5 axb5 7. exf6 Nc6
8. Qe3 b4 9. O-O e6 10. Qf4 d5 11. c4 bxc3 12. Nxc3 Bd6 13. Qh6 Bf8 14. Qh4
Bd7 15. Re1 Qa5 16. a4 h6 17. Nb5 Kd8 18. Bd2 Qb6 19. Be3 Qa5 20. Qg3 Rc8
21. Nd6 Bxd6 22. Qxd6 Re8 23. Rec1 Qc7 24. Qa3 g5 25. b4 g4 26. Nd4 Qe5 27.
Qb2 Nxd4 28. Bxd4 Rxc1+ 29. Rxc1 Qe4 30. Bb6# {Black checkmated} 1-0

[Event "ICC Open 2015"]
[Site "Internet Chess Club"]
[Date "2015.05.30"]
[Round "4"]
[White "clarinetist"]
[Black "cristoforo"]
[Result "1-0"]
[ICCResult "Black resigns"]
[WhiteElo "1640"]
[BlackElo "1443"]
[Opening "Sicilian: dragon, Yugoslav attack, 9.Bc4"]
[ECO "B77"]
[NIC "SI.18"]
[Time "19:31:17"]
[TimeControl "180+0"]

1. e4 c5 2. Nf3 d6 3. d4 cxd4 4. Nxd4 Nf6 5. Nc3 g6 6. Be3 Bg7 7. Bc4 O-O 8.
f3 Nc6 9. Qd2 Ne5 10. Bb3 Bd7 11. O-O-O Rc8 12. Kb1 Nc4 13. Bxc4 Rxc4 14. h4
h5 15. Rdg1 Qa5 16. Nb3 Qc7 17. g4 Bxg4 18. fxg4 Nxg4 19. Rxg4 hxg4 20. h5
Rxc3 21. bxc3 Rc8 22. Bd4 Bxd4 23. cxd4 Qc3 24. Qxc3 Rxc3 25. hxg6 fxg6 26.
Rg1 g3 27. Kc1 e5 28. Kd2 exd4 29. Nxd4 Ra3 30. Nb5 Rxa2 31. Rxg3 a6 32.
Nxd6 Kg7 33. Nxb7 a5 34. Rd3 Kf6 35. Rd5 g5 36. Rxa5 Rb2 37. Nc5 Rb4 38. Kd3
Ke5 39. c3 Rb1 40. Nd7+ Kf4 41. Rf5+ Kg4 42. Ne5+ Kh5 43. Nf7 Rd1+ 44. Kc4
Kg6 45. Nxg5 Rg1 46. Ne6 {Black resigns} 1-0

[Event "ICC Open 2015"]
[Site "Internet Chess Club"]
[Date "2015.05.30"]
[Round "4"]
[White "nowornever"]
[Black "fviana"]
[Result "0-1"]
[ICCResult "White checkmated"]
[WhiteElo "2012"]
[BlackElo "2352"]
[Opening "Nimzovich-Larsen attack: English variation"]
[ECO "A01"]
[NIC "VO.08"]
[Time "19:31:03"]
[TimeControl "180+0"]

1. b3 c5 2. Bb2 Nc6 3. e3 d6 4. Bb5 Bd7 5. f4 a6 6. Bxc6 Bxc6 7. Nf3 e6 8.
O-O Nf6 9. d4 cxd4 10. Nxd4 Rc8 11. c4 Be7 12. Nxc6 Rxc6 13. Qf3 O-O 14. Nd2
Qc7 15. Qg3 b5 16. Ne4 Ne8 17. cxb5 Rc2 18. Bd4 d5 19. Ng5 axb5 20. Qh3 h6
21. Nf3 Bf6 22. Ne5 Nd6 23. f5 Nxf5 24. Rxf5 exf5 25. Qxf5 Rc1+ 26. Rxc1
Qxc1+ 27. Kf2 Qd2+ 28. Kf3 Qxa2 29. Nd7 Bxd4 30. Nxf8 Qxb3 31. Qxd5 Qxd5+
32. e4 Qb3+ 33. Kf4 g5+ 34. Kf5 Kxf8 35. g4 Qe6# {White checkmated} 0-1

[Event "ICC Open 2015"]
[Site "Internet Chess Club"]
[Date "2015.05.30"]
[Round "4"]
[White "N-Chadaev"]
[Black "RafaNadal"]
[Result "1-0"]
[ICCResult "Black resigns"]
[WhiteElo "3309"]
[BlackElo "2826"]
[Opening "Sicilian: Nimzovich-Rossolimo attack (with ...g6, without ...d6)"]
[ECO "B31"]
[NIC "SI.31"]
[Time "19:31:17"]
[TimeControl "180+0"]

1. e4 c5 2. Nf3 Nc6 3. Bb5 g6 4. Bxc6 dxc6 5. h3 Bg7 6. d3 Nf6 7. Nc3 Nd7 8.
Be3 e5 9. Qd2 h6 10. a3 Qe7 11. O-O Nf8 12. b4 cxb4 13. axb4 Ne6 14. b5 Bd7
15. bxc6 Bxc6 16. Rxa7 Rxa7 17. Bxa7 O-O 18. Be3 Kh7 19. Nd5 Bxd5 20. exd5
Nd4 21. Nxd4 exd4 22. Bf4 Qc5 23. d6 Re8 24. Rb1 g5 25. Bh2 b6 26. Re1 Qxc2
27. d7 Rxe1+ 28. Qxe1 Bf6 29. Qe4+ Kg7 30. Be5 Bxe5 31. Qxe5+ f6 32. Qe7+
Kg6 33. Qe4+ f5 34. Qe6+ Kh5 35. g4+ fxg4 36. Qxg4+ Kg6 37. d8=Q {Black
resigns} 1-0